 Dungeon Crawl Stone Soup version 0.21-a0 (webtiles) character file.

2216 Lexie the Thaumaturge (level 9, 0/51 HPs)
             Began as an Octopode Wizard on May 19, 2017.
             Was an Initiate of Vehumet.
             Succumbed to a water moccasin's poison
             ... on level 7 of the Dungeon.
             The game lasted 00:19:01 (9014 turns).

Lexie the Thaumaturge (Octopode Wizard)             Turns: 9014, Time: 00:19:02

Health: 0/51       AC:  1    Str:  7    XL:     9   Next: 35%
Magic:  40/48      EV: 18    Int: 23    God:    Vehumet [......]
Gold:   344        SH:  0    Dex: 15    Spells: 16/25 levels left

rFire    . . .     SeeInvis .   t - staff of conjuration (curse)
rCold    . . .     Gourm    .   (no shield)
rNeg     + . .     Faith    .   a - +0 hat
rPois    .         Spirit   .   A - amulet of magic regeneration (curse)
rElec    .         Reflect  .   m - ring of positive energy
rCorr    .         Harm     .   p - ring of magical power
MR       .....                  w - ring of magical power
Stlth    ++++......             E - ring of magical power
Regen    0.2/turn               (no ring)
MPRegen  0.5/turn               (no ring)
                                (no ring)
                                (no ring)

@: agile, lethally poisoned (0 -> -4), flying
A: almost no armour, stealthy swim, amphibious, 8 rings, constrict 8, camouflage
1, gelatinous body 1
a: Renounce Religion


You were on level 7 of the Dungeon.
You worshipped Vehumet.
Vehumet was noncommittal.
You were not hungry.

You visited 2 branches of the dungeon, and saw 8 of its levels.

You collected 344 gold pieces.

Inventory:

Hand Weapons
 v - a +0 dagger of venom
 F - a cursed -3 dagger
Armour
 a - a +0 hat (worn)
Magical Staves
 t - a cursed staff of conjuration (weapon)
Jewellery
 m - a ring of positive energy (left tentacle)
 p - a ring of magical power (right tentacle)
 w - a ring of magical power (on tentacle)
 A - a cursed amulet of magic regeneration (around mantle)
 E - a ring of magical power (on tentacle)
Wands
 y - a wand of paralysis (12/24)
Scrolls
 d - 5 scrolls of remove curse {unknown}
 e - 4 scrolls of enchant weapon {unknown}
 f - 5 scrolls of identify {unknown}
 g - a scroll of magic mapping {unknown}
 i - 3 scrolls of random uselessness {unknown}
 j - a scroll of fear {unknown}
 n - 2 scrolls of blinking {unknown}
 q - 2 scrolls of noise {unknown}
 r - a scroll of amnesia {unknown}
 x - a scroll of immolation {unknown}
 B - 2 scrolls of teleportation {unknown}
 C - a scroll of enchant armour {unknown}
Potions
 k - 2 potions of brilliance
 o - a potion of flight
 z - a potion of resistance {unknown}
 H - a potion of curing {unknown}
Books
 b - a book of Minor Magic

   Spells                             Type                      Level
   a - Magic Dart                     Conjuration                  1
   b - Blink                          Translocation                2
   c - Call Imp                       Summoning                    2
   d - Slow                           Hexes                        2
   e - Conjure Flame                  Conjuration/Fire             3
   f - Mephitic Cloud                 Conjuration/Poison/Air       3
Comestibles
 c - 3 bread rations
 l - 3 royal jellies
 u - a fruit
 D - 2 meat rations


   Skills:
 - Level 2.0 Dodging
 - Level 2.6 Stealth
 + Level 8.5 Spellcasting
 + Level 8.5 Conjurations
   Level 1.0 Summonings
 - Level 1.0 Translocations


You had 16 spell levels left.
You knew the following spells:

 Your Spells              Type           Power        Failure   Level  Hunger
a - Magic Dart            Conj           ####         1%          1    None
b - Blink                 Tloc           N/A          6%          2    None
c - Conjure Flame         Conj/Fire      #####...     3%          3    None
d - Mephitic Cloud        Conj/Pois/Air  ####....     6%          3    None


Dungeon Overview and Level Annotations

Branches:
Dungeon (7/15)             Temple (1/1) D:5

Altars:
Dithmenos
Fedhas
Gozag
Kikubaaqudgha
Makhleb
Nemelex Xobeh
Okawaru
Ru
Sif Muna
Trog
Uskayaw
Vehumet
Wu Jian
Xom
Yredelemnul
Zin
The Shining One

Shops:
D:7 (

Annotations:
D:4 2 transporters


Innate Abilities, Weirdness & Mutations

You cannot wear most types of armour.
You are very stealthy in the water. (Stealth+)
You are amphibious.
You can wear up to eight rings at the same time.
You can use your tentacles to constrict eight enemies at once.
Your skin changes colour to match your surroundings (Stealth+).
Your rubbery body absorbs attacks. (AC +1, EV +1)


Message History

The crimson imp hits you.
* * * LOW HITPOINT WARNING * * *
The bullfrog closely misses you. The bullfrog hits you!
* * * LOW HITPOINT WARNING * * *
Casting: Blink
Confirm with . or Enter, or press ? or * to list all spells.
You blink.
* * * LOW HITPOINT WARNING * * *
You feel sick.
Found 8 gold pieces.
* * * LOW HITPOINT WARNING * * *
You feel sick.
The bullfrog swells and bulges.
The crimson imp blinks!
It was a potion of agility.
You feel agile all of a sudden.
Casting: Blink
Confirm with . or Enter, or press ? or * to list all spells.
You blink.
You die...

<....# . ......
.†........ ....# .
)..........##.#.# .#
................###$+
....................#+#
.......#.......§......#
#####$##..../FS....####
#..#.......F#.###
##..#.........@#
#.....F.H......#
##...........#
#...5.§......#
###............
##.#######..##
##..#######..#
#####.............
.......########


You could see a hippogriff (confused) and 2 bullfrogs.

Vanquished Creatures
  A hungry ghost (D:7)
  2 sky beasts (D:5)
  2 ice beasts
  2 ogres
  A phantom (D:4)
  A centaur (D:5)
  2 bullfrogs
  A scorpion (D:5)
  5 crimson imps
  A bullfrog zombie (D:5)
  A bullfrog skeleton (D:5)
  4 hounds
  3 orc priests
  9 orc wizards
  Jessica (D:3)
  3 iguanas
  6 worker ants
  A hound skeleton (D:6)
  A worker ant zombie (D:5)
  4 gnolls
  10 adders
  A howler monkey skeleton (D:4)
  An adder zombie (D:6)
  An adder skeleton (D:5)
  7 worms
  5 dart slugs
  3 leopard geckos
  18 orcs
  6 giant cockroaches
  4 goblins
  6 hobgoblins
  10 jackals
  4 kobolds
  2 quokkas
  6 bats
  A frilled lizard (D:3)
  A jackal zombie (D:6)
  6 rats
143 creatures vanquished.

Notes
Turn   | Place    | Note
-------+----------+-------------------------------------------
     0 | D:1      | Lexie the Octopode Wizard began the quest for the Orb.
     0 | D:1      | Reached XP level 1. HP: 11/11 MP: 4/4
   335 | D:1      | Reached XP level 2. HP: 17/17 MP: 4/6
   968 | D:1      | Reached XP level 3. HP: 20/21 MP: 0/8
  1410 | D:2      | Learned a level 2 spell: Blink
  1414 | D:2      | Learned a level 3 spell: Conjure Flame
  1533 | D:2      | Learned a level 3 spell: Mephitic Cloud
  1889 | D:2      | Reached XP level 4. HP: 27/27 MP: 7/9
  2978 | D:3      | Reached XP level 5. HP: 30/31 MP: 3/11
  3143 | D:3      | Found a sparkling altar of Nemelex Xobeh.
  3377 | D:3      | Found a shadowy altar of Dithmenos.
  3623 | D:3      | Noticed Jessica
  3630 | D:3      | Killed Jessica
  3630 | D:3      | Reached XP level 6. HP: 32/36 MP: 13/13
  3982 | D:3      | Reached skill level 5 in Spellcasting
  4545 | D:4      | Found a hide-covered altar of Uskayaw.
  4546 | D:4      | Found a deep blue altar of Sif Muna.
  4571 | D:4      | Noticed a phantom
  4584 | D:4      | Killed a phantom
  4584 | D:4      | Reached skill level 5 in Conjurations
  4584 | D:4      | Reached XP level 7. HP: 40/41 MP: 8/15
  4851 | D:4      | Found an opulent altar of Gozag.
  4851 | D:4      | Found a sparkling altar of Nemelex Xobeh.
  5238 | D:5      | Entered Level 5 of the Dungeon
  5240 | D:5      | Found a staircase to the Ecumenical Temple.
  5512 | Temple   | Entered the Ecumenical Temple
  5611 | D:5      | Noticed a hungry ghost
  6354 | D:5      | Reached XP level 8. HP: 46/46 MP: 17/17
  7988 | D:6      | Reached XP level 9. HP: 51/51 MP: 20/20
  8399 | D:6      | Found a burning altar of Makhleb.
  8451 | D:6      | Found a radiant altar of Vehumet.
  8472 | D:6      | Became a worshipper of Vehumet
  8881 | D:7      | Found Fiureawn's Weapon Shoppe.
  9011 | D:7      | HP: 2/51 [poisoned by a water moccasin]
  9014 | D:7      | Succumbed to a water moccasin's poison

Vault maps used:
D:1:      tarquinn_simple_flora_water_b, serial_glass, glass_columns_b,
          glass_columns_a, minmay_distorted
D:3:      grunt_dithmenos_smoke_and_mirrors, portal_sewer_entry_d,
          minmay_misc_feat_cross, nemelex_diamond_rough_becter, uniq_jessica
D:4:      grunt_temple_overflow_opulence, gammafunk_temple_overflow_arena
D:5:      temple_doors_e, first_bread, serial_glass, glass_columns_c,
          glass_columns_a, lightli_corner_chamber
D:6:      grunt_temple_overflow_lords_of_destruction
D:7:      serial_shops, shop, shop, shop, shop, nicolae_shop_behind_doors,
          serial_curves, eino_curves_04, eino_curves_01, eino_curves_03
Temple:   zaba_magenta_temple

Skill      XL: |  1  2  3  4  5  6  7  8  9 |
---------------+----------------------------+-----
Conjurations   | 2 3 4 5 6 7 8 |  8.5
Spellcasting   | 4 5 6 7 8 |  8.5
Dodging        | |  2.0
Stealth        | |  2.6
Summonings     | |  1.0
Translocations | |  1.0

Action                   |  1- 3 |  4- 6 |  7- 9 || total
-------------------------+-------+-------+-------++-------
Melee: Unarmed           |    36 |     9 |       ||    45
       Constrict         |     9 |     6 |     3 ||    18
       Tentacles         |     4 |     5 |     1 ||    10
       Dagger            |       |    15 |    20 ||    35
       Staff             |       |       |     1 ||     1
 Cast: Magic Dart        |    91 |   157 |   299 ||   547
       Mephitic Cloud    |     2 |     8 |    31 ||    41
       Conjure Flame     |     1 |     1 |    15 ||    17
       Blink             |       |       |     9 ||     9
  Use: Potion            |       |       |     5 ||     5
 Stab: Sleeping          |     1 |       |       ||     1
       Confused          |       |     1 |       ||     1
  Eat: Chunk             |     3 |     9 |     6 ||    18
       Royal jelly       |       |       |     3 ||     3
       Meat ration       |       |       |     1 ||     1
Armor: Skin              |     4 |     4 |     6 ||    14
Dodge: Dodged            |    48 |    20 |    45 ||   113
